[Event "1st Serbian League 2022"]
[Site "Vrnjacka Banja"]
[Date "2022.09.24"]
[Round "5.23"]
[White "Radovanovic, Mihajlo"]
[Black "Rajkovic, Dusan"]
[Result "1-0"]
[ECO "A07"]
[WhiteElo "2438"]
[BlackElo "2246"]
[Annotator "TA"]
[PlyCount "125"]
[EventDate "2022.09.20"]
[EventType "team-tourn"]
[EventCountry "SRB"]
[SourceTitle "playchess.com"]
[Source "ChessBase"]
[SourceQuality "1"]
[TimeControl "40/5400+30:1800+30"]

1. g3 d5 2. Nf3 Nf6 3. Bg2 c6 4. O-O Bg4 5. d3 e6 6. Qe1 {[%emt 0:01:00] A07: Réti Opening: New York and Capablanca Systems.} Nbd7 7. h3 Bxf3 8. Bxf3 {[%emt 0:00:35] [#] The position is equal.} a5 $146 (8... Qc7 {is more complex.} 9. e4 Bc5 10. Bf4 e5) ({Predecessor:} 8... h5 9. Bg2 Qc7 10. e4 dxe4 11. dxe4 Bd6 12. f4 e5 13. Nd2 h4 14. Nc4 Bc5+ {1-0 (41) Kramnik,V (2769)-Anand,V (2793) London 2014}) 9. Bg2 a4 10. c3 Qb6 11. Nd2 Be7 (11... Bd6 $5 ) 12. e3 O-O 13. Qe2 Qa6 14. Re1 Rfd8 15. Bf1 h6 16. Nf3 e5 17. Qc2 b5 18. e4 dxe4 19. dxe4 Bc5 20. Nh4 Qa7 21. Nf5 Nf8 22. Qe2 Rd7 23. Qf3 N6h7 24. h4 Kh8 25. Bh3 Ne6 26. Be3 Rad8 27. Red1 Nhf8 28. Qh5 Rxd1+ 29. Rxd1 Rxd1+ 30. Qxd1 Bxe3 31. Nxe3 Qc5 (31... Qc7 $11) 32. Bxe6 $16 Nxe6 {[%emt 0:00:11][%mdl 4096] Endgame KQN-KQN} 33. Qd7 a3 34. bxa3 Qxc3 35. Qxf7 Nd4 36. Kg2 Qxa3 37. Qe8+ (37. Ng4 {seems wilder.} Qd3 38. Qe8+ Kh7 39. Qg6+) 37... Kh7 38. Qxe5 c5 39. Qd5 Qa7 40. e5 Qe7 (40... Kh8 {might work better.} 41. Nd1 b4) 41. Qe4+ $2 (41. f4 $18 {is more deadly.}) 41... Kg8 42. Nd5 Qe6 (42... Qf7 $16 43. a3 Qd7) 43. Nf4 $2 (43. Nc7 $1 $18 Qd7 44. e6 $1) 43... Qc6 44. Nd5 ({White has to play} 44. Qxc6 $16 {Qe8+ would kill now.} Nxc6 45. Kf3) 44... Kh8 {[%emt 0:00:00] [#]} (44... Qe6 $11 {remains equal.}) 45. h5 $1 {[%emt 0:00:00] White now steadily converts the win.} Ne6 {[%emt 0:00:00] [#]} (45... b4 $16) 46. Nf6 $1 Qxe4+ (46... Nd8 {was worth a try.} 47. Qxc6 Nxc6) (46... Nd4 47. Qxc6) 47. Nxe4 $18 {[%emt 0:00:00] KN-KN} c4 48. Kf3 b4 49. Ke3 b3 $2 (49... c3 50. g4 (50. Kd3 Nd4 $18) 50... Kg8) 50. a4 b2 51. Nc3 Nc5 {[%emt 0:00:00][%cal Oc5a4] [#]} 52. a5 {[%emt 0:00:00] And now f4 would win.} Kg8 (52... Kh7 $142 53. Ke2 g6) 53. f4 ({Weaker is} 53. Kd4 Nb3+ 54. Kxc4 Nxa5+ 55. Kd3 Nc6 $16) 53... Kf7 54. f5 Ke7 55. g4 ({Not} 55. Kd4 Nb3+ 56. Kd5 (56. Kxc4 Nxa5+ 57. Kd4 Nc6+ 58. Kd5 Nb4+ 59. Ke4 Nc2 $11) 56... Nxa5 $11) 55... Ke8 56. Nb1 Ke7 57. Ke2 Kd7 58. g5 {[%emt 0:00:00] Threatens to win with f6.} hxg5 59. f6 Ke6 60. fxg7 Kf7 61. h6 {[%emt 0:00:00] White wants to mate with Kf3.} Kg8 62. Kf1 (62. Kf3 $142 Kh7 63. Kg4) 62... Kh7 63. e6 {[%emt 0:00:26] Weighted Error Value: White=0.19 (very precise) /Black=0.48} 1-0

[Event "1st Serbian League 2022"]
[Site "Vrnjacka Banja"]
[Date "2022.09.24"]
[Round "5.24"]
[White "Rajkovic, Mladen"]
[Black "Lukovic, Vladimir"]
[Result "1/2-1/2"]
[ECO "C91"]
[WhiteElo "2335"]
[BlackElo "2419"]
[Annotator "TA"]
[PlyCount "48"]
[EventDate "2022.09.20"]
[EventType "team-tourn"]
[EventCountry "SRB"]
[SourceTitle "playchess.com"]
[Source "ChessBase"]
[SourceQuality "1"]
[TimeControl "40/5400+30:1800+30"]

1. e4 e5 2. Nf3 Nc6 3. Bb5 a6 4. Ba4 Nf6 5. O-O Be7 6. Re1 b5 7. Bb3 d6 8. c3 O-O 9. d4 Bg4 10. Be3 Bd7 {[%emt 0:00:57] C91: Closed Ruy Lopez: 7...d6 8 c3 0-0 9 d4.} 11. Nbd2 Ng4 12. Nf1 Nxe3 {[%emt 0:00:57] White is slightly better.} 13. Nxe3 Bf6 14. Nd5 Rb8 15. h3 g6 16. Nxf6+ Qxf6 17. dxe5 Nxe5 {[%emt 0:00:19] The position is equal.} 18. Nxe5 Qxe5 {[%emt 0:00:13] [#]} 19. Qd5 $146 ({Predecessor:} 19. Qd2 Rbe8 20. Rad1 Bc6 21. Bd5 Bxd5 22. Qxd5 Qxd5 23. exd5 g5 24. g3 f5 25. Kg2 {½-½ (43) Postny,E (2661)-Harikrishna,P (2668) Sabadell 2008}) 19... Qxd5 20. Bxd5 Be6 21. Rad1 Bxd5 22. exd5 Rfe8 23. Kf1 Kf8 24. f3 Re7 {[%emt 0:01:44] Weighted Error Value: White=0.06 (flawless) /Black=0.05 (flawless)} 1/2-1/2

[Event "1st Serbian League 2022"]
[Site "Vrnjacka Banja"]
[Date "2022.09.24"]
[Round "5.25"]
[White "Risteski, Emil"]
[Black "Krstulovic, Alex"]
[Result "*"]
[WhiteElo "2364"]
[BlackElo "2411"]
[Annotator "TA"]
[PlyCount "26"]
[EventDate "2022.09.20"]
[EventType "team-tourn"]
[EventCountry "SRB"]
[SourceTitle "playchess.com"]
[Source "ChessBase"]
[SourceQuality "1"]
[TimeControl "40/5400+30:1800+30"]

1. e4 c6 2. d4 d5 3. e5 c5 4. dxc5 e6 5. Nf3 Bxc5 6. Bd3 {[%emt 0:00:11] B12: Caro-Kann: Advance Variation.} f6 {[%emt 0:00:44] 6...Ne7 is becoming the main line.} 7. O-O {[%emt 0:07:01] [#] An uneventful encounter.} {Predecessor:} Nc6 $146 8. Re1 fxe5 9. Nxe5 Nf6 10. Nxc6 bxc6 11. Nd2 O-O 12. Nf3 e5 13. Rxe5 Bg4 {½-½ (32) Golubev,M (2461)-Urazayev,A (2438) Chess.com INT 2022} *

[Event "1st Serbian League 2022"]
[Site "Vrnjacka Banja"]
[Date "2022.09.24"]
[Round "5.26"]
[White "Sedlak, Nikola"]
[Black "Djokic, Mihailo"]
[Result "1-0"]
[ECO "A49"]
[WhiteElo "2466"]
[BlackElo "2197"]
[Annotator "TA"]
[PlyCount "119"]
[EventDate "2022.09.20"]
[EventType "team-tourn"]
[EventCountry "SRB"]
[SourceTitle "playchess.com"]
[Source "ChessBase"]
[SourceQuality "1"]
[TimeControl "40/5400+30:1800+30"]

1. Nf3 Nf6 2. g3 g6 3. Bg2 Bg7 4. O-O O-O 5. d4 d6 6. a4 a5 7. Re1 {[%emt 0:00:53] A49: 1 d4 Nf6 2 Nf3 g6 3 g3: Anti-King's Indian systems.} c6 8. e4 Qc7 {[%emt 0:01:53] [#]} 9. Na3 $146 {[%emt 0:06:30] White is slightly better.} ({Predecessor:} 9. Nc3 e5 10. Be3 Na6 11. h3 Nb4 12. Qc1 Rd8 13. Bg5 Be6 14. Rd1 Bc4 15. b3 {1-0 (38) Arabidze,M (2436)-Kim,S (2295) Chess.com INT 2022}) 9... e5 10. dxe5 dxe5 11. Nc4 Bg4 (11... Rd8 $14 12. Qe2 Bg4) 12. Ncxe5 $16 Rd8 13. Nd3 Na6 14. h3 Be6 15. Bf4 Qb6 16. Qc1 Nb4 (16... Nd7 $16 {is a better defense.}) 17. Nxb4 (17. Be3 $18 Qc7 18. Nc5) 17... axb4 18. Be5 b3 19. cxb3 Rd3 {[%emt 0:00:00] Inhibits Qc3.} 20. b4 Qxb4 21. Bc3 Qb6 22. a5 Qa7 23. g4 h5 24. Ne5 ({White should try} 24. Bxf6 Bxf6 25. gxh5 gxh5 26. e5 (26. Qh6 Bxb2 27. Rab1 Bg7 $11)) 24... Rxc3 25. bxc3 ({Inferior is} 25. Qxc3 Nd7 26. gxh5 Nxe5 27. hxg6 Nxg6 $17) 25... hxg4 26. hxg4 {[%emt 0:00:18][%cal Oa5a6,Bh3g4,Bg4h5][%mdl 32] aiming for a6!} Qc5 27. Qf4 (27. Nd3 $5 Qd6 28. Rd1 Nxg4 29. Qf4 $14) 27... Nh5 28. gxh5 Bxe5 29. Qh4 (29. Qh6 $14 Bg7 30. Qe3 Qxc3 31. e5 Qxe3 32. Rxe3) 29... Bxc3 {[%emt 0:00:00] [#] ...Qe5 is the strong threat.} 30. hxg6 Qe5 $1 31. Qh7+ Kf8 32. gxf7 Bxf7 {[%emt 0:00:00] A strong pair of Bishops.} 33. Qh6+ Kg8 $2 {[%emt 0:00:00][%mdl 8192] Black cannot hold the game after this.} (33... Ke8 $11 {and Black is okay.} 34. Rad1 Bxe1 35. Rxe1 Rxa5) 34. Ra3 $18 {[%emt 0:03:26] [#] Hoping for Re3.} Bxe1 (34... Rxa5 $142 35. Rxa5 Qxa5) 35. Rg3+ $1 Qxg3 36. fxg3 Rxa5 37. Qf6 Bb4 38. Qd8+ Kh7 39. Qc7 Kg8 40. Qxb7 Bd6 41. Qxc6 Be5 42. Qc8+ Kg7 43. Kh2 Bf6 44. Bf3 (44. Bh3 $142 Re5 45. Bf5) 44... Ra2+ $2 (44... Re5 45. Qg4+ Bg6) 45. Kh3 Ra5 46. Bg4 Re5 47. Bf5 Re8 48. Qc7 Be5 49. Qc1 Rh8+ 50. Kg2 Bf6 {[%emt 0:00:00] Prevents Qg5+.} 51. g4 {[%emt 0:01:48][%cal Bg3g4,Bg4g5][%mdl 32] g5 would kill now.} Rb8 52. g5 {[%emt 0:03:39] White mates.} Be5 53. Qc5 Rb2+ 54. Kf1 Rb1+ 55. Ke2 Bh5+ 56. Kd3 Rb3+ 57. Kd2 Bf4+ 58. Kc2 Rb7 59. Qc3+ Kf7 60. g6+ {[%emt 0:00:00] Weighted Error Value: White=0.30/Black=0.46} 1-0

[Event "1st Serbian League 2022"]
[Site "Vrnjacka Banja"]
[Date "2022.09.24"]
[Round "5.27"]
[White "Jocev, Milan"]
[Black "Popovic, Dusan"]
[Result "0-1"]
[ECO "E62"]
[WhiteElo "2283"]
[BlackElo "2486"]
[Annotator "TA"]
[PlyCount "80"]
[EventDate "2022.09.20"]
[EventType "team-tourn"]
[EventCountry "SRB"]
[SourceTitle "playchess.com"]
[Source "ChessBase"]
[SourceQuality "1"]
[TimeControl "40/5400+30:1800+30"]

1. d4 Nf6 2. c4 g6 3. g3 Bg7 4. Bg2 O-O 5. Nf3 d6 6. Nc3 c6 7. O-O Bf5 8. b3 Ne4 9. Bb2 Nxc3 10. Bxc3 Be4 11. Qd2 Nd7 $1 {[%emt 0:02:07][%cal Bb8d7,Bd7f6,Bf6e4][%mdl 32] 11...Nd7 is better than 11...d5.} 12. Rac1 e6 {[%emt 0:02:21] E62: King's Indian: Fianchetto: 6...c6 and Panno Variation (6...Nc6) without ...a6.} 13. Qf4 d5 14. Rfd1 a5 {[%emt 0:06:17] [#] The position is equal.} 15. h4 $146 ({Predecessor:} 15. a4 Bxf3 16. Bxf3 f5 17. Qd6 Re8 18. Bg2 Bf8 19. Qf4 Nf6 20. Rb1 Bd6 21. Qd2 {1-0 (38) Baramidze,D (2610)-Gallagher,J (2472) Ruzomberok 2014}) 15... Nf6 16. Ne5 {[%emt 0:18:17] [#] Black must now prevent f3.} Bxg2 17. Kxg2 Ne4 18. Be1 Qe7 19. Qf3 f5 20. e3 a4 (20... Bxe5 $15 21. dxe5 Qg7) 21. Qe2 $11 axb3 22. axb3 Ra6 23. f3 Nf6 ({Not} 23... Bxe5 24. dxe5 Nc5 25. Bb4 $16) 24. Ra1 {[%emt 0:01:01] Strongly threatening Rxa6.} Rfa8 25. Qb2 Qe8 26. Bc3 Bf8 27. Rxa6 Rxa6 28. Ra1 Qa8 29. Rxa6 Qxa6 30. Qa1 Qxa1 31. Bxa1 {[%emt 0:01:00][%mdl 4096] Endgame KBN-KBN} Bd6 32. Nd3 Nh5 33. cxd5 ({White should play} 33. Ne5 $11) 33... exd5 $15 34. f4 Nf6 {[%emt 0:00:11] Black is more active.} 35. Nf2 Kf7 36. Kf3 {[%emt 0:00:30] Against Ng4. Loses the game.} (36. Bc3 $15) 36... Ne4 $19 37. Nxe4 $2 {[%emt 0:00:30] [#]} (37. Nd3) 37... fxe4+ {[%emt 0:00:30] Black is clearly winning.} ({Weaker is} 37... dxe4+ 38. Ke2 $15) 38. Kf2 Bb4 39. g4 h5 40. gxh5 gxh5 {[%emt 0:00:30] Weighted Error Value: White=0.38/Black=0.06 (flawless)} 0-1

[Event "1st Serbian League 2022"]
[Site "Vrnjacka Banja"]
[Date "2022.09.24"]
[Round "5.28"]
[White "Boskovic, Drasko"]
[Black "Stankovic, Boris"]
[Result "1-0"]
[ECO "B30"]
[WhiteElo "2415"]
[BlackElo "2208"]
[Annotator "TA"]
[PlyCount "105"]
[EventDate "2022.09.20"]
[EventType "team-tourn"]
[EventCountry "SRB"]
[SourceTitle "playchess.com"]
[Source "ChessBase"]
[SourceQuality "1"]
[TimeControl "40/5400+30:1800+30"]

1. e4 c5 2. Nf3 Nc6 3. Bb5 e6 4. O-O Nge7 5. Re1 a6 6. Bf1 d5 7. d3 dxe4 {[%emt 0:16:27] B30: Sicilian: 2...Nc6 3 Bb5, lines without ...g6.} 8. dxe4 {[%emt 0:00:29] [#]} Ng6 $146 ({Predecessor:} 8... Qxd1 9. Rxd1 e5 10. c3 Bg4 11. Be3 Ng6 12. Nbd2 f6 13. Bc4 O-O-O 14. h3 Bd7 15. Nb3 {1-0 (40) Amin,B (2690)-Maghsoodloo,P (2676) Europe Echecs INT 2020}) 9. Qxd8+ $1 Kxd8 {[%emt 0:12:11] White is slightly better.} 10. a4 {[%emt 0:00:07] White is more active.} Be7 11. Na3 Kc7 12. Nc4 Rd8 13. a5 Bd7 14. h4 {[%emt 0:04:10] Threatens to win with h5.} h5 15. c3 {[%emt 0:02:37] Prevents Nb4.} Rab8 16. Be2 e5 (16... Rh8 $16 {might work better.} 17. Be3 Rbd8) 17. g3 $18 Be6 18. Ng5 $1 Rh8 19. Nxe6+ fxe6 20. Be3 Nf8 21. Red1 Nd7 22. Rd3 Nf6 23. f3 Rbd8 24. Rxd8 Rxd8 25. Bf1 Re8 26. Bh3 Bf8 27. Kf2 Nd7 28. Ke2 b5 29. axb6+ $1 Nxb6 30. Nxb6 Kxb6 31. b4 a5 {[%emt 0:07:49] [#]} 32. bxc5+ Kc7 33. Kd2 g6 (33... Be7 $142 34. Kd3 (34. Bxe6 Bxh4 35. gxh4 Rxe6 $16) 34... Rd8+ 35. Ke2 Re8) 34. Bf1 Rb8 35. Kc2 {[%emt 0:00:00] Prevents Rb2+.} Be7 36. Bc4 Rf8 37. Rf1 (37. Bxe6 Rxf3 38. Kd2 Rxg3 $11) 37... Nd8 38. Bb3 Nb7 39. Bxe6 {[%emt 0:00:00] aiming for Bh6.} Nxc5 40. Bd5 a4 (40... Nd7 $16 {is a better defense.} 41. Bb3 Bd6) 41. f4 exf4 (41... Bd6 {was worth a try.} 42. f5 gxf5) 42. Bxf4+ {[%emt 0:00:00] A strong pair of Bishops.} ({Don't do} 42. Rxf4 $6 Kd7 43. e5 Rxf4 44. gxf4 (44. Bxf4 Ne6 $16) 44... Ke8 $16) 42... Kd7 43. Rd1 Kc8 (43... Bxh4 {keeps fighting.} 44. Bf7+ Kc8) 44. Rb1 Bd6 $2 (44... Nb3 45. Bc6 Bd6) 45. Bxd6 Rf2+ 46. Kc1 Nd3+ 47. Kd1 {[%emt 0:00:00] Be6+ would kill now.} Nb2+ {[%emt 0:00:21] [#]} 48. Rxb2 $1 Rxb2 49. Kc1 Rb5 50. c4 {[%emt 0:00:00][%cal Bc3c4,Bc4c5,Bc5c6][%mdl 32] White mates.} Rb3 51. c5 Rf3 52. c6 Kd8 53. Kb2 {[%emt 0:00:00] Black did not feel at home in the position after the opening.  Weighted Error Value: White=0.09 (flawless) /Black=0.41} (53. e5 $142 Rf1+ 54. Kd2 Rf2+ 55. Kd3 Rf1 56. c7+ Kd7 {[#]} 57. Be6+ $1 Kxe6 58. c8=Q+ Kf7 59. Qf8+ Ke6 60. Qxf1) 1-0

[Event "1st Serbian League 2022"]
[Site "Vrnjacka Banja"]
[Date "2022.09.24"]
[Round "5.29"]
[White "Velikic, Adela"]
[Black "Zegarac, Vuk"]
[Result "1-0"]
[ECO "B10"]
[WhiteElo "2272"]
[BlackElo "2336"]
[Annotator "TA"]
[PlyCount "113"]
[EventDate "2022.09.20"]
[EventType "team-tourn"]
[EventCountry "SRB"]
[SourceTitle "playchess.com"]
[Source "ChessBase"]
[SourceQuality "1"]
[TimeControl "40/5400+30:1800+30"]

1. e4 c6 2. Nf3 d5 3. d3 dxe4 4. dxe4 Qxd1+ 5. Kxd1 Nf6 6. Nfd2 {[%emt 0:00:15] B10: Caro-Kann: 2 d3 and 2 c4.} g5 (6... Ng4 $5 7. Ke2 g6 $11) 7. a4 Nbd7 8. Nc3 {[%emt 0:06:04] [#] The position is equal.} Ng4 $146 ({Predecessor:} 8... h5 9. Nc4 Bh6 10. h4 g4 11. Bg5 Nc5 12. f3 Be6 13. Ne3 Bg7 14. Be2 a5 {0-1 (49) Vachier Lagrave,M (2838)-Dreev,A (2633) Riga 2021}) 9. Ke1 Nge5 10. Nb3 Rg8 11. a5 e6 12. Be2 Bd6 (12... Nc5 $14) 13. Be3 f5 14. f3 (14. Rd1 $16 Bb4 15. exf5) 14... f4 $11 15. Bf2 h5 16. h3 Ke7 17. Na4 Bc7 18. Nac5 Nf6 (18... Rd8 $11) 19. Nd4 Bd6 20. Ndb3 (20. Nd3 $11) 20... Bc7 $14 21. Kf1 Rb8 22. Nd3 (22. Bd4 {looks sharper.} h4 23. Kf2 Nh5 24. Nd3) 22... Ra8 23. Nxe5 Bxe5 24. c3 Bd6 25. Bc4 Nd7 {[%emt 0:00:30] Against Nc5} 26. Nd4 Rg6 27. a6 Ne5 28. axb7 Bxb7 29. Be2 Rgg8 30. Nb3 {[%emt 0:00:28] White is more active.} a6 ({Better is} 30... a5 $1 $14) 31. Nc5 $16 Bxc5 (31... Bc8 $16) 32. Bxc5+ $18 Kf7 33. Kf2 (33. Ra5 $18) 33... Rgd8 34. Rhd1 {[%emt 0:00:18] Against Rd2} (34. h4 $142) 34... Ke8 {[%emt 0:01:04] This costs Black the game.} (34... Rxd1 $16 35. Rxd1 a5) 35. Bd4 {[%emt 0:01:02] This bishop pair is nice.} Nd7 36. Ra5 {[%emt 0:00:14] Inhibits e5.} c5 37. Bxc5 Ne5 38. Bd4 Nf7 39. Rda1 Rd6 40. Bc4 Rad8 41. e5 Rxd4 42. cxd4 Rxd4 43. Bxa6 Bd5 44. Re1 {[%emt 0:01:43] [#] Strongly threatening Bb5+.} g4 (44... Kf8 $142 45. Rc5 Kg7) 45. hxg4 {[%emt 0:02:00] White is clearly winning.} hxg4 46. Bb5+ Kf8 47. Ra4 g3+ 48. Kg1 Rd2 49. Rxf4 {[%emt 0:02:45] [#] Threatens to win with Rc1.} Rxb2 50. Bd3 Ke7 51. Rg4 Rd2 52. Bf1 Nh6 53. Rxg3 Nf5 54. Rh3 {[%emt 0:00:16] Hoping for Rh7+.} Nd4 55. Rh7+ Kf8 56. Rc1 Kg8 57. Rd7 {[%emt 0:00:37] Weighted Error Value: White=0.15 (very precise) /Black=0.32} 1-0

[Event "1st Serbian League 2022"]
[Site "Vrnjacka Banja"]
[Date "2022.09.24"]
[Round "5.30"]
[White "Krstic, Petar"]
[Black "Radivojevic, Milan R"]
[Result "1-0"]
[ECO "B10"]
[WhiteElo "2290"]
[BlackElo "2172"]
[Annotator "TA"]
[PlyCount "61"]
[EventDate "2022.09.20"]
[EventType "team-tourn"]
[EventCountry "SRB"]
[SourceTitle "playchess.com"]
[Source "ChessBase"]
[SourceQuality "1"]
[TimeControl "40/5400+30:1800+30"]

1. e4 c6 2. Nf3 d5 3. exd5 cxd5 4. Ne5 Nc6 5. d4 e6 6. Bb5 {[%emt 0:00:58] B10: Caro-Kann: 2 d3 and 2 c4.} Bd7 7. Nxd7 Qxd7 8. c3 {[%emt 0:00:06] The position is equal.} Nf6 9. Nd2 a6 10. Bd3 Bd6 11. Nf3 O-O (11... Ne4 {feels hotter.} 12. Ng5 f5 13. O-O O-O) 12. O-O Qc7 13. g3 e5 14. dxe5 Nxe5 {[%emt 0:00:03] [#]} 15. Be2 $146 ({Predecessor:} 15. Re1 Rfe8 16. Bg5 Ned7 17. Rxe8+ Rxe8 18. Bf5 h6 19. Be3 Ne5 20. Nxe5 Bxe5 21. Qd3 {1-0 (64) Safarli,E (2598)-Kowalski,I (2322) Banja Vrujci 2021}) 15... Nxf3+ 16. Bxf3 Rad8 17. Be3 Bc5 18. Qd3 Bxe3 19. Qxe3 Rfe8 20. Qd4 Re5 21. Rfe1 Rde8 22. Rxe5 Rxe5 23. Rd1 b5 24. a4 h6 25. axb5 axb5 26. Kg2 Ne4 (26... Re8 $16) 27. Ra1 $18 Qc5 28. Ra8+ ({Stronger than} 28. Qxe5 Qxf2+ 29. Kh1 (29. Kh3 $2 Qxf3 30. Qd4 Nf2+ 31. Qxf2 Qxf2 $19) 29... Qxf3+ 30. Kg1 Nf2 $17) 28... Kh7 29. Rd8 Qxd4 30. cxd4 Rf5 {[%emt 0:00:00] [#]} (30... Re6 31. Rxd5 Nd6) 31. Rxd5 $3 {[%emt 0:02:38][%mdl 512] Weighted Error Value: White=0.04 (flawless) /Black=0.40} 1-0

[Event "1st Serbian League 2022"]
[Site "Vrnjacka Banja"]
[Date "2022.09.24"]
[Round "5.31"]
[White "Predojevic, Borki"]
[Black "Tadic, Stefan"]
[Result "1/2-1/2"]
[ECO "D12"]
[WhiteElo "2584"]
[BlackElo "2318"]
[Annotator "TA"]
[PlyCount "41"]
[EventDate "2022.09.20"]
[EventType "team-tourn"]
[EventCountry "SRB"]
[SourceTitle "playchess.com"]
[Source "ChessBase"]
[SourceQuality "1"]
[TimeControl "40/5400+30:1800+30"]

1. Nf3 Nf6 2. c4 c6 3. Nc3 d5 4. e3 Bf5 5. cxd5 Nxd5 6. d4 e6 7. Bd3 Bxd3 8. Qxd3 Be7 {[%emt 0:00:30] D12: Slav Defence: 3 Nf3 Nf6 4 e3 Bf5.} 9. O-O O-O 10. e4 Nxc3 {[%emt 0:01:25] White is slightly better.} 11. bxc3 Qc7 12. c4 Nd7 13. Bb2 Rad8 {[%emt 0:02:28][%cal Oe6e5] [#]} 14. Qc2 $146 ({Predecessor:} 14. Rfd1 h6 15. Rab1 Qa5 16. Qb3 Qa6 17. Ba1 Rfe8 18. Qxb7 Qxc4 19. Qxa7 {1-0 (46) Csernus,R (1647)-Drobotov,G (1473) LSS email 2015}) 14... Rfe8 15. a4 c5 16. d5 exd5 17. exd5 (17. cxd5 $5 Bd6 18. Rab1 $11) 17... Bf6 18. g3 Bxb2 {[%emt 0:03:37] The position is equal.} 19. Qxb2 Nb6 20. Qc2 h6 {[%emt 0:02:45] Prevents Ng5.} 21. Rfe1 {[%emt 0:12:38] Weighted Error Value: White=0.10 (very precise) /Black=0.01 (flawless)} 1/2-1/2

[Event "1st Serbian League 2022"]
[Site "Vrnjacka Banja"]
[Date "2022.09.24"]
[Round "5.32"]
[White "Ivanovic, Marko"]
[Black "Bogosavljevic, Boban"]
[Result "1-0"]
[ECO "C41"]
[WhiteElo "2265"]
[BlackElo "2533"]
[Annotator "TA"]
[PlyCount "95"]
[EventDate "2022.09.20"]
[EventType "team-tourn"]
[EventCountry "SRB"]
[SourceTitle "playchess.com"]
[Source "ChessBase"]
[SourceQuality "1"]
[TimeControl "40/5400+30:1800+30"]

1. e4 e5 2. Nf3 d6 3. d4 exd4 4. Nxd4 Nf6 5. Nc3 Be7 6. Bf4 O-O 7. Qd2 Nc6 8. O-O-O Nxd4 9. Qxd4 Be6 10. f3 c5 {[%emt 0:10:39] C41: Philidor Defence.} 11. Qd2 a6 12. g4 b5 {[%emt 0:01:44] White is slightly better.} 13. Kb1 (13. Bxd6 Bxd6 14. Qxd6 Qa5 15. Qxc5 Rac8 $15) 13... c4 {[%emt 0:23:52] [#]} 14. g5 $146 ({Predecessor:} 14. Bxd6 Bxd6 15. Qxd6 Qa5 16. a3 Rfd8 17. Qb4 Rxd1+ 18. Nxd1 Qd8 19. Nc3 Rb8 20. Qc5 {0-1 (61) Cubas,J (2438)-Ghaem Maghami,E (2604) ICC INT 2009}) 14... Nd7 (14... Ne8 $142) 15. h4 $16 b4 (15... Ne5 $16 {keeps fighting.}) 16. Nd5 $18 Bxd5 17. Qxd5 (17. exd5 $6 c3 18. Qd4 (18. bxc3 bxc3 19. Qxc3 f6 $11) 18... cxb2 $14) 17... c3 18. h5 Ne5 19. g6 {[%emt 0:00:00] Threatens to win with h6.} Bf6 20. Bxe5 ({Don't do} 20. Qxd6 $6 hxg6 21. hxg6 (21. Bxe5 Bxe5 22. Qxd8 Rfxd8 $11) 21... Nxg6 $14) 20... Bxe5 21. gxf7+ Kh8 22. h6 g6 23. Bc4 cxb2 $2 (23... a5 $16) 24. Rhf1 $1 {[%emt 0:00:00] Strongly threatening f4.} Qf6 {[%emt 0:00:00] [#]} (24... Bf4 25. Qd4+ (25. Kxb2 a5 $16) 25... Be5) 25. Qd2 $2 (25. f4 $1 $18 {[%cal Rf4e5] and the rest is easy.} Bc3 26. e5) 25... Bf4 26. Qxb4 a5 27. Qa3 $40 {[%emt 0:00:00][%mdl 128] White is out for blood.} ({Don't blunder} 27. Qxb2 $2 Rab8 28. Bb3 Qxb2+ 29. Kxb2 a4 $19) 27... Rac8 28. Bb3 {[%emt 0:00:00] Active counter play!} Rc5 29. Rd3 Bxh6 30. Qxb2 {[%emt 0:00:00] Really sharp!} Qxb2+ 31. Kxb2 Bf4 32. Rd5 Be5+ {[%emt 0:00:14] [#] White stays focused until the end.} (32... Rxd5 $14 33. Bxd5 Kg7) 33. Ka3 $1 $16 Rxd5 34. Bxd5 {[%emt 0:00:00][%mdl 4096] Endgame Hoping for f4. KRB-KRB} Kg7 35. f4 Bf6 (35... Bc3 {was necessary.} 36. Kb3 Rc8) 36. Ka4 $18 Bc3 37. Rf3 Bd2 38. e5 dxe5 39. fxe5 Bb4 40. a3 Be7 41. Kxa5 {[%emt 0:29:32] And now Kb6 would win.} g5 $2 (41... Rd8) 42. Kb6 {[%emt 0:00:00] White is clearly winning.} g4 43. Rf1 h5 44. Kc7 {[%emt 0:00:00] Against Rb8} Rd8 45. c4 g3 46. a4 Kf8 47. e6 h4 48. Rf4 {[%emt 0:00:00] Weighted Error Value: White=0.21 (precise) /Black=0.47} 1-0